 Dungeon Crawl Stone Soup version 0.29-a0-753-gb7bb9d756e (console) character file.

Game seed: 3738209720060980070

63 Banquo the Chopper (level 4, -6/46 HPs)
             Began as an Octopode Fighter on June 30, 2022.
             Was a Follower of Trog.
             Mangled by a gnoll
             ... wielding a +1 halberd of venom
              (8 damage)
             ... on level 2 of the Dungeon.
             The game lasted 00:02:22 (1173 turns).

Banquo the Chopper (Octopode Fighter)               Turns: 1173, Time: 00:02:22

Health: -6/46      AC:  1    Str: 17    XL:     4   Next: 9%
Magic:  4/4        EV: 13    Int: 10    God:    Trog [*.....]
Gold:   140        SH:  4    Dex: 11    Spells: 3/3 levels left

rFire   . . .      SeeInvis .   a - +0 war axe
rCold   . . .      Faith    .   b - +0 buckler
rNeg    . . .      Spirit   .   (helmet restricted)
rPois   .          Reflect  .   (no amulet)
rElec   .          Harm     .   (no ring)
rCorr   .          Rampage  .   (no ring)
Will    .....                   (no ring)
Stlth   ..........              (no ring)
HPRegen 0.15/turn               (no ring)
MPRegen 0.09/turn               (no ring)
                                (no ring)
                                (no ring)

@: berserking, lethally poisoned (-6 -> -22), very quick
A: almost no armour, amphibious, 8 rings, camouflage 1, gelatinous body 1,
(nimble swimmer 1), tentacles
a: Renounce Religion, Berserk


You were on level 2 of the Dungeon.
You worshipped Trog.
Trog was aware of your devotion.
You visited 1 branch of the dungeon, and saw 2 of its levels.

You collected 140 gold pieces.

Inventory:

Hand Weapons
 a - a +0 war axe (weapon)
Missiles
 h - 20 stones (quivered)
 i - 5 atropa-tipped darts
Armour
 b - a +0 buckler (worn)
Magical Staves
 l - a staff of air
Scrolls
 d - 2 scrolls of poison {unknown}
 e - a scroll of immolation {unknown}
 g - 2 scrolls of vulnerability {unknown}
 j - a scroll of identify {unknown}
Potions
 c - a potion of might
 f - 2 potions of invisibility {unknown}
 k - a potion of brilliance {unknown}


   Skills:
 - Level 3.0 Fighting
 + Level 4.2 Axes
 - Level 3.0 Dodging
 - Level 3.0 Shields


You had 3 spell levels left.
You didn't know any spells.
Your spell library was empty.

Dungeon Overview and Level Annotations

Branches:
Dungeon (2/15)

Altars:
Trog


Innate Abilities, Weirdness & Mutations

You cannot wear most types of armour.
You are amphibious.
You can wear up to eight rings at the same time.
Your skin changes colour to match your surroundings (Stealth+).
Your rubbery body absorbs attacks. (AC +1, EV +1)
((You are camouflaged when in or above water. (Stealth+)))
You have tentacles for arms and can constrict up to eight enemies at once.


Message History

You feel yourself moving faster!
You feel mighty! The gnoll closely misses you.
A gnoll comes into view. It is wielding a +0 flail.
You feel a strong urge to attack something.
The gnoll shouts!
You hear a shout!
The gnoll closely misses you.
You closely miss the gnoll. Your grab misses the gnoll. You squeeze the gnoll!
You kill the gnoll!
Trog accepts your kill. The gnoll misses you. The gnoll closely misses you.
Your Axes skill increases to level 4!
A kobold comes into view. It is wielding a +0 dagger.
The kobold shouts!
The gnoll hits you with a +0 spear! The gnoll hits you with a +0 spear.
You see here a +0 flail.
You hit the gnoll. Your grab misses the gnoll. You squeeze the gnoll.
The gnoll is heavily wounded.
You barely miss the gnoll. The gnoll closely misses you.
The gnoll barely misses you.
A gnoll comes into view. It is wielding a +1 halberd of venom.
You hit the gnoll. You grab the gnoll. You squeeze the gnoll.
You feel the power of Trog in you as your rage grows.
You kill the gnoll!
Trog accepts your kill.
You slash the gnoll!
The gnoll hits you from afar with a +1 halberd of venom!
* * * LOW HITPOINT WARNING * * *
You are lethally poisoned!
The gnoll hits you with a +0 spear.
* * * LOW HITPOINT WARNING * * *
You have reached level 4!
You slash the gnoll!
You kill the gnoll!
Trog accepts your kill.
You closely miss the kobold.
* * * LOW HITPOINT WARNING * * *
You feel very sick. The kobold hits you with a +0 dagger.
* * * LOW HITPOINT WARNING * * *
The gnoll hits you from afar with a +1 halberd of venom!
You die...

#...........
#..........
###......#####
..†.........># ###
...†.........###
..
..#......##....#
#.#
###......##..#.#
g.#
#...#####..#.##).#
#...# ##.#..@K!#
#...# #..#.....#
....). #..#.#####
....... #....#
+....# ##..## ##.
#.


You could see a gnoll and a kobold.

Vanquished Creatures
  3 gnolls (D:2)
  An adder (D:2)
  A dart slug (D:1)
  5 bats
  An endoplasm (D:1)
  2 giant cockroaches (D:1)
  4 hobgoblins
  4 kobolds (D:1)
  2 quokkas (D:1)
  3 ball pythons (D:1)
  A frilled lizard (D:1)
  6 rats
33 creatures vanquished.

Notes
Turn   | Place    | Note
-------+----------+-------------------------------------------
     0 | D:1      | Banquo the Octopode Fighter began the quest for the Orb.
     0 | D:1      | Reached XP level 1. HP: 16/16 MP: 1/1
   105 | D:1      | Reached XP level 2. HP: 20/21 MP: 2/2
   303 | D:1      | Reached skill level 3 in Axes
   390 | D:1      | Found a faded altar of an unknown god.
   411 | D:1      | Prayed at the altar of an unknown god.
   411 | D:1      | Became a worshipper of Trog the Wrathful
   411 | D:1      | Reached * piety under Trog
   647 | D:1      | Reached XP level 3. HP: 26/26 MP: 3/3
  1170 | D:2      | Reached skill level 4 in Axes
  1173 | D:2      | Reached XP level 4. HP: 9/31 MP: 4/4
  1173 | D:2      | HP: 2/46 [kobold/+0 dagger (2)]
  1173 | D:2      | Mangled by a gnoll

Illustrated notes

Levels and vault maps discovered:
D:1:      psy_arrival_terrarium, layout_basic,
          chequers_ecumenical_altar_simple_redux
D:2:      layout_basic, basic_altar

Skill      XL: |  1  2  3 |
---------------+----------+-----
Axes           | 3 4 |  4.2
Fighting       | |  3.0
Dodging        | |  3.0
Shields        | |  3.0

Action                   |  1- 3 |  4- 6 || total
-------------------------+-------+-------++-------
Melee: War axe           |    52 |     1 ||    53
       Constrict         |    16 |       ||    16
       Tentacles         |    10 |       ||    10
Invok: Berserk           |     1 |       ||     1
 Stab: Sleeping          |     7 |       ||     7
Armor: Skin              |     9 |       ||     9
Dodge: Dodged            |    38 |       ||    38
Block: Buckler           |    16 |       ||    16

Table legend: (Time is in decaauts)
 A = Elapsed time spent in this place.
 B = Non-inter-level travel time spent in this place.
 C = Inter-level travel time spent in this place.
 D = Time resting spent in this place.
 E = Time spent auto-exploring this place.
 F = Levels seen in this place.
 G = Mean time per level.
                   A        B        C        D        E       F      G
               +--------+--------+--------+--------+--------+-----+--------+
         Total |   1191 |   1161 |     30 |     74 |    856 |   2 |  595.5 |
       Dungeon |   1191 |   1161 |     30 |     74 |    856 |   2 |  595.5 |
               +--------+--------+--------+--------+--------+-----+--------+

Top non-repeatable levels by time:
     D:1: 1059 daAuts
     D:2: 131 daAuts
